Workbook
Name AÑOS: '[1]mes,diaaño'!$C$2
Name dias: '[1]mes,diaaño'!$A$2:$A$32
Name MES: '[1]mes,diaaño'!$B$2:$B$13

Sheet 1. Disponibilidad
D2: SECRETARIA DE EDUCACIÓN | L2: Código:
D3: FONDO DE SERVICIOS EDUCATIVOS | L3: Versión:
D4: CERTIFICADO DISPONIBILIDAD PRESUPUESTAL (CDP) | L4: Fecha de aprobación:
B5: FONDO DE SERVICIOS EDUCATIVOS | F5: INSTITUCIÓN EDUCATIVA TECNICO AGROPECUARIO Y EN SALUD
B6: MUNICIPIO | F6: SONSON
J7: SOLICITUD | K7: 18 | L7: CONSECUTIVO: | M7: 18
B8: Fecha de Elaboración: | D8: 17 | E8: Junio | F8: 2025
D9: dia | E9: mes | F9: año
B12: CERTIFICO DISPONIBILIDAD PRESUPUESTAL POR:
I14: Valor | J14: =+M24 -> 4978499
B15: A la fecha de expedición del presente documento existe apropiación con saldo disponible contra el cual se puede ordenar gastos en el rubro y valor que se detalla a continuación:
B17: RUBRO | E17: FUENTE | H17: CENTRO DE COSTOS | J17: VALOR DISPONIBILIDAD | K17: ADICION A DISPONIBILIDAD | L17: REDUCCION A DISPONIBILIDAD | M17: VALOR ($)
B18: 2.3.2.02.01.003.03 Dotación pedagogica - PRIMERA INFANCIA | E18: 02 - Gratuidad | H18: FSE | I18: TECNICO AGROPECUARIO | J18: 4978499 | M18: =+J18+K18-L18 -> 4978499
M19: =+J19+K19-L19 -> 0
M20: =+J20+K20-L20 -> 0
M21: =+J21+K21-L21 -> 0
M22: =+J22+K22-L22 -> 0
M23: =+J23+K23-L23 -> 0
B24: TOTAL | J24: =SUM(J18:J23) -> 4978499 | K24: =SUM(K18:K23) -> 0 | L24: =SUM(L18:L23) -> 0 | M24: =+J24+K24-L24 -> 4978499
B26: Dentro del presupuesto de Egresos de la vigencia: | F26: 2025
B27: Por concepto de: | F27: DOTACION PEDAGOGICA PRIMERA INFANCIA
G33: Firma Tesorero (a)
G36: Nombre CRISTHIAN LEON ALZATE CARDONA
B61: Día | C61: Mes | D61: Año
B62: 01 | C62: Enero | D62: 2025 | E62: 2.1.2.02.02.008.01 Honorarios y servicios Técnicos
B63: 02 | C63: Febrero | E63: 2.1.2.02.02.008.01.02 Muebles y Enseres y Equipos De oficina
B64: 03 | C64: Marzo | E64: 2.1.2.02.02.008.02 Mantenimiento y Reparación
B65: 04 | C65: Abril | E65: 2.1.2.02.02.008.03 Materiales y Suministros
B66: 05 | C66: Mayo | E66: 2.1.2.02.02.008.04 Combustibles y lubricantes
B67: 06 | C67: Junio | E67: 2.1.2.02.02.008.05 Arrendamientos de bienes muebles e inmuebles
B68: 07 | C68: Julio | E68: 2.1.2.02.02.008.06 Impresos y publicaciones
B69: 08 | C69: Agosto | E69: 2.1.2.02.02.008.07 Servicios Públicos
B70: 09 | C70: Septiembre | E70: 2.1.2.02.02.008.08 Primas y Seguros
B71: 10 | C71: Octubre | E71: 2.1.2.02.02.008.09 Comunicaciones y Transportes
B72: 11 | C72: Noviembre | E72: 2.1.2.02.02.008.10 Actividades Pedagógicas, Cientificas, Culturales y Deportivas
B73: 12 | C73: Diciembre | E73: 2.1.2.02.02.008.11 Inscripción y Participación en Competencias Deportivas, Culturales, Pedagógicas y Científicas
B74: 13 | E74: 2.1.2.02.02.008.12 Gastos de viajes
B75: 14 | E75: 2.1.2.02.02.008.04.01 Horas catedra
B76: 15 | E76: 2.1.2.02.02.008.04.02 Dotación pedagogica
B77: 16 | E77: 2.1.2.02.02.008.04.03 Gastos de viaje
B78: 17 | E78: 2.1.2.02.02.008.04.04 Actividades Pedagógicas, Cientificas, Culturales y Deportivas
B79: 18 | E79: 2.1.2.02.02.008.04.05 Aportes generales al sistema de riesgos laborales
B80: 19 | E80: 2.3.8.01.14.01 Gravamen Recursos Propios
B81: 20 | E81: 2.3.8.01.14.02 Gravamen a Calidad Gratuidad
B82: 21 | E82: 2.3.8.01.14.04 Gravamen Ciclo de Formación Complementario
B83: 22 | E83: 2.3.2.01.01.003.02.08 Otra maquinaria para usos especiales y sus partes y piezas
B84: 23 | E84: 2.3.2.01.01.003.03.01 Máquinas para oficina y contabilidad, y sus partes y accesorios
B85: 24 | E85: 2.3.2.01.01.003.03.02 Maquinaria de informática y sus partes, piezas y accesorios
... B92: 31 | E92: 2.3.2.02.02.000 Servicios Agricultura, silvicultura y productos de la pesca
E93: 2.3.2.02.02.005 Servicios de la construcción
E94: 2.3.2.02.02.006 Servicios de alojamiento; servicios de suministro de comidas y bebidas; servicios de transporte; y servicios de distribución de electricidad, gas y agua
E95: 2.3.2.02.02.008 Adquisición de otros Servicios
B96: 01 - Recursos Propios | E96: 2.3.2.02.02.008.01 Software
B97: 02 - Gratuidad | E97: FSE | F97: 01 - Recursos Propios
B98: 03 - Otras Transferencias | E98: ASOCIADO | F98: 02 - Gratuidad
B99: 04 - Ciclo complementario (ENS) | F99: 03 - Otras Transferencias
B100: 05- Recursos de capital | F100: 04 - Ciclo complementario (ENS)
F101: 05- Recursos de capital

Sheet 2. Compromiso 
D2: SECRETARIA DE EDUCACIÓN | J2: Código:
D3: FONDO DE SERVICIOS EDUCATIVOS | J3: Versión:
D4: REGISTRO COMPROMISO PRESUPUESTAL (RPC) | J4: Fecha de aprobación:
B5: FONDO DE SERVICIOS EDUCATIVOS | F5: INSTITUCIÓN EDUCATIVA TECNICO AGROPECUARIO Y EN SALUD
B6: MUNICIPIO | F6: SONSON
G7: CDP | H7: =+'1. Disponibilidad'!M7:M8 -> 18 | J7: CONSECUTIVO: | K7: 18
B9: Fecha de Elaboración: | D9: 20 | E9: Junio | F9: 2025
D10: dia | E10: mes | F10: año
B12: CERTIFICO COMPROMISO PRESUPUESTAL POR:
B14: VALOR CDP | C14: =+'1. Disponibilidad'!J14 -> 4978499 | G14: Valor: | H14: =+K25 -> 4978499
B16: CON CARGO A:
B18: No. CDP | C18: RUBRO | E18: FUENTE | F18: C. COSTOS | H18: VALOR COMPROMISO | I18: ADICION DE COMPROMISO | J18: REDUCCION DE COMPROMISO | K18: VALOR
B19: =+'1. Disponibilidad'!M7 -> 18 | C19: ='1. Disponibilidad'!B18 -> 2.3.2.02.01.003.03 Dotación pedagogica - PRIMERA INFANCIA | E19: ='1. Disponibilidad'!E18 -> 02 - Gratuidad | F19: =+'1. Disponibilidad'!H18 -> FSE | G19: =+'1. Disponibilidad'!I18 -> TECNICO AGROPECUARIO | H19: 4978499 | K19: =+H19+I19-J19 -> 4978499
C20: ='1. Disponibilidad'!B19 -> 0 | E20: ='1. Disponibilidad'!E19 -> 0 | F20: =+'1. Disponibilidad'!H19 -> 0 | G20: =+'1. Disponibilidad'!I19 -> 0 | K20: =+H20+I20-J20 -> 0
C21: ='1. Disponibilidad'!B20 -> 0 | E21: ='1. Disponibilidad'!E20 -> 0 | F21: =+'1. Disponibilidad'!H20 -> 0 | G21: =+'1. Disponibilidad'!I20 -> 0 | K21: =+H21+I21-J21 -> 0
C22: ='1. Disponibilidad'!B21 -> 0 | E22: ='1. Disponibilidad'!E21 -> 0 | F22: =+'1. Disponibilidad'!H21 -> 0 | G22: =+'1. Disponibilidad'!I21 -> 0 | K22: =+H22+I22-J22 -> 0
C23: ='1. Disponibilidad'!B22 -> 0 | E23: ='1. Disponibilidad'!E22 -> 0 | F23: =+'1. Disponibilidad'!H22 -> 0 | G23: =+'1. Disponibilidad'!I22 -> 0 | K23: =+H23+I23-J23 -> 0
C24: ='1. Disponibilidad'!B23 -> 0 | E24: ='1. Disponibilidad'!E23 -> 0 | F24: =+'1. Disponibilidad'!H23 -> 0 | G24: =+'1. Disponibilidad'!I23 -> 0 | K24: =+H24+I24-J24 -> 0
B25: TOTAL | H25: =SUM(H19:H24) -> 4978499 | I25: =SUM(I19:I24) -> 0 | J25: =SUM(J19:J24) -> 0 | K25: =+H25+I25-J25 -> 4978499
B27: Dentro del presupuesto de Egresos de la vigencia: | E27: 2025
B28: A favor de: | C28: Nombre: | D28: DISTRIBUCIONES EDUCATIVAS GOL SAS
C29: Cédula / NIT: | D29: 901511011-2
B30: Por concepto de: | D30: =+'1. Disponibilidad'!F27 -> DOTACION PEDAGOGICA PRIMERA INFANCIA
C36: Firma Ordenador del Gasto | G36: Firma Tesorero (a)
C38: Nombre OMAR EDUARDO MONTES | G38: Nombre CRISTHIAN LEON ALZATE CARDONA
B76: Día | C76: Mes | D76: Año
B77: 01 | C77: Enero | D77: 2025
B78: 02 | C78: Febrero
B79: 03 | C79: Marzo
B80: 04 | C80: Abril
B81: 05 | C81: Mayo
B82: 06 | C82: Junio
B83: 07 | C83: Julio
B84: 08 | C84: Agosto
B85: 09 | C85: Septiembre
B86: 10 | C86: Octubre
B87: 11 | C87: Noviembre
B88: 12 | C88: Diciembre
B89: 13
B90: 14
B91: 15
B92: 16
B93: 17
B94: 18
B95: 19
B96: 20
B97: 21
B98: 22
B99: 23
B100: 24
... B174: 04 - Escuela Normal

Sheet 3. Comprobante de egresos 
E2: SECRETARIA DE EDUCACIÓN | K2: Código:
E3: FONDO DE SERVICIOS EDUCATIVOS | K3: Versión:
E4: COMPROBANTE DE EGRESO CON AFECTACION | K4: Fecha de aprobación:
B5: FONDO DE SERVICIOS EDUCATIVOS | F5: INSTITUCIÓN EDUCATIVA TECNICO AGROPECUARIO Y EN SALUD
B6: MUNICIPIO | F6: SONSON
J7: CONSECUTIVO:
B8: Fecha de Elaboración:
D9: dia | E9: mes | F9: año
D11: CDP | E11: RPC
D12: =+'2. Compromiso '!H7 -> 18 | E12: =+'2. Compromiso '!K7 -> 18
B13: fecha: | D13: =+CONCATENATE('1. Disponibilidad'!D8,'1. Disponibilidad'!E8,'1. Disponibilidad'!F8) -> 17Junio2025 | E13: =+CONCATENATE('2. Compromiso '!D9,'2. Compromiso '!E9,'2. Compromiso '!F9) -> 20Junio2025
B16: A favor de: | C16: =+'2. Compromiso '!D28 -> DISTRIBUCIONES EDUCATIVAS GOL SAS | G16: CÉDULA/NIT: | H16: =+'2. Compromiso '!D29 -> 901511011-2
B19: Concepto:
B23: RUBRO | C23: FUENTE FINANCIACION | D23: VALOR BRUTO | E23: RETEFUENTE | G23: RETEIVA | H23: RETEICA | I23: OTRAS RETENCIONES | J23: TOTAL RETENCIONES | K23: TOTAL A PAGAR
E24: Concepto | F24: Valor
B25: 2.3.2.02.01.003.03 Dotación pedagogica - PRIMERA INFANCIA | J25: =+F34+G34+H34+I34 -> 0 | K25: =+D34-J25 -> 0
B34: TOTAL | D34: =SUM(D25:D33) -> 0 | F34: =SUM(F25:F33) -> 0 | G34: =SUM(G25:G33) -> 0 | H34: =SUM(H25:H33) -> 0 | I34: =SUM(I25:I33) -> 0
D38: Nombre de la cuenta | E38: No. Cuenta | F38: Tipo Cuenta | G38: Nombre Banco | H38: No. Cheque /Transacción | I38: Valor a Pagar
D39: DISTRIBUCIONES EDUCATIVAS GOL | E39: 92800001416 | F39: AHORROS | G39: BANCOLOMBIA | I39: =+K25 -> 0
G41: TOTAL | I41: =+I39 -> 0
B45: FIRMA ORDENADOR DEL GASTO | D45: FIRMA TESORERO (A) | G45: FIRMA BENEFICIARIO | J45: FIRMA CONTADOR
B46: Nombre: OMAR EDUARDO MONTES | D46: Nombre: CRISTHIAN LEON ALZATE | G46: Nombre: | J46: Nombre: NELSON LOPEZ
B99: Día | D99: Mes | E99: Año
B100: 01 | D100: Enero | E100: 2025 | G100: 2.1.2.02.02.008.01 Honorarios y servicios Técnicos
B101: 02 | D101: Febrero | G101: 2.1.2.02.02.008.01.02 Muebles y Enseres y Equipos De oficina
B102: 03 | D102: Marzo | G102: 2.1.2.02.02.008.02 Mantenimiento y Reparación
B103: 04 | D103: Abril | G103: 2.1.2.02.02.008.03 Materiales y Suministros
B104: 05 | D104: Mayo | G104: 2.1.2.02.02.008.04 Combustibles y lubricantes
B105: 06 | D105: Junio | G105: 2.1.2.02.02.008.05 Arrendamientos de bienes muebles e inmuebles
B106: 07 | D106: Julio | G106: 2.1.2.02.02.008.06 Impresos y publicaciones
B107: 08 | D107: Agosto | G107: 2.1.2.02.02.008.07 Servicios Públicos
B108: 09 | D108: Septiembre | G108: 2.1.2.02.02.008.08 Primas y Seguros
B109: 10 | D109: Octubre | G109: 2.1.2.02.02.008.09 Comunicaciones y Transportes
B110: 11 | D110: Noviembre | G110: 2.1.2.02.02.008.10 Actividades Pedagógicas, Cientificas, Culturales y Deportivas
B111: 12 | D111: Diciembre | G111: 2.1.2.02.02.008.11 Inscripción y Participación en Competencias Deportivas, Culturales, Pedagógicas y Científicas
B112: 13 | G112: 2.1.2.02.02.008.12 Gastos de viajes
B113: 14 | G113: 2.1.2.02.02.008.04.01 Horas catedra
B114: 15 | G114: 2.1.2.02.02.008.04.02 Dotación pedagogica
B115: 16 | G115: 2.1.2.02.02.008.04.03 Gastos de viaje
B116: 17 | D116: Honorarios | G116: 2.1.2.02.02.008.04.04 Actividades Pedagógicas, Cientificas, Culturales y Deportivas
B117: 18 | D117: Comisiones | G117: 2.1.2.02.02.008.04.05 Aportes generales al sistema de riesgos laborales
B118: 19 | D118: Servicios | G118: 2.3.8.01.14.01 Gravamen Recursos Propios
B119: 20 | D119: Arrendamientos | G119: 2.3.8.01.14.02 Gravamen a Calidad Gratuidad
B120: 21 | D120: Gravamenes | G120: 2.3.8.01.14.03 Gravamen Ciclo Formación Complementaria
B121: 22 | D121: Compras | G121: 2.3.2.01.01.003.02.08 Otra maquinaria para usos especiales y sus partes y piezas
B122: 23 | D122: Impuesto a las ventas retenido por consignar | G122: 2.3.2.01.01.003.03.01 Máquinas para oficina y contabilidad, y sus partes y accesorios
B123: 24 | D123: Contratos de obra | G123: 2.3.2.01.01.003.03.02 Maquinaria de informática y sus partes, piezas y accesorios
B124: 25 | D124: Impuesto de industria y comercio por compras | G124: 2.3.2.01.01.003.05.02 Aparatos transmisores de televisión y radio; televisión, video y cámaras digitales; teléfonos
B125: 26 | D125: Impuesto de industria y comercio por ventas | G125: 2.3.2.01.01.004.01.01.04.01 Otros Muebles
B126: 27 | D126: Otras Retenciones | G126: 2.3.2.01.01.004.01.01.04.02 Otros Muebles FORMACION INTEGRAL
B127: 28 | D127: Pagos | G127: 2.3.2.01.01.004.01.01.04.03 Otros Muebles PRIMERA INFANCIA
B128: 29 | G128: 2.3.2.01.01.004.01.02 Instrumentos musicales
B129: 30 | G129: 2.3.2.01.01.004.01.03 Artículos de deporte
B130: 31 | G130: 2.3.2.01.01.005.01.01 Recursos animales que generan productos en forma repetida
G131: 2.3.2.01.01.005.01.02 Árboles, cultivos y plantas que generan productos en forma repetida
G132: 2.3.2.02.01.003.01 Dotación pedagogica - JORNADAS EXTENDIDAS
G133: 2.3.2.02.01.003.02 Dotación pedagogica - FORMACION INTEGRAL
G134: 2.3.2.02.01.003.03 Dotación pedagogica - PRIMERA INFANCIA
G135: 2.3.2.02.02.000 Servicios Agricultura, silvicultura y productos de la pesca
B136: AHORROS | C136: 01 - Recursos Propios | G136: 2.3.2.02.02.005.01 Servicios de la Construcción - INFRAESTRUCTURA
B137: CORRIENTE | C137: 02 - Gratuidad | G137: 2.3.2.02.02.005.02 Servicios de la Construcción - FORMACION INTEGRAL
B138: MAESTRA | C138: 03 - Otras Transferencias | G138: 2.3.2.02.02.005.03 Servicios de la Construcción - PRIMERA INFANCIA
C139: 04 - Ciclo complementario (ENS) | G139: 2.3.2.02.02.006.01 Alojamiento; Alimentacion; Servicios de transporte; - JORNADA EXTENDIDA
C140: 05 - Recursos de Capital | G140: 2.3.2.02.02.006.02 Alojamiento; Alimentacion; Servicios de transporte; - FORMACION INTEGRAL
G141: 2.3.2.02.02.008 Adquisición de otros Servicios
G142: 2.3.2.02.02.008,01 Software
